Map: Submarino EE

Players

Socrate

  • Race: Terran Terran
  • League: Gold
  • Spawn Location: 11:00

MrFercho - Winner!

  • Race: Zerg Zerg
  • League: Gold
  • Spawn Location: 5:00

VOD

Have the link to the VOD?

Description

Time

  • Played on: July 23, 2020, 8:25 p.m.
  • Length: 22:02
Show
View Real Time Build Order
Export as new Build Order

Socrate Terran 

Build Orders: 1/1/1, Liberator Opening 

Get SALT Encoding   

  12  0:01  SCV  
  13  0:13  SCV  
  14  0:17  Supply Depot  
  14  0:25  SCV  
  15  0:30  Refinery  
  15  0:41  Barracks  
  15  0:45  SCV  
  16  0:55  Refinery  
  16  0:57  SCV  
  17  1:06  Supply Depot  
  17  1:11  SCV  
  18  1:23  SCV  
  19  1:39  Factory  
  19  1:40  Barracks Reactor  
  19  1:41  SCV  
  20  1:53  SCV  
  21  2:05  SCV  
  22  2:16  Marine x2  
  22  2:17  SCV  
  25  2:23  Factory Tech Lab  
  25  2:28  Starport  
  25  2:29  SCV  
  26  2:42  SCV  
  27  2:45  Infernal Pre-Igniter  
  27  2:47  Hellion  
  28  2:58  SCV  
  28  3:02  Supply Depot  
  29  3:21  Supply Depot  
  29  3:23  Marine, Liberator x2  
  36  3:30  Hellion  
  36  3:33  SCV  
  39  3:45  SCV  
  40  4:02  Supply Depot  
  40  4:03  Hellion, Marine  
  43  4:10  Liberator  
  43  4:13  SCV  
  47  4:23  Liberator  
  50  4:25  SCV  
  50  4:30  Supply Depot  
  51  4:33  Marine  
  51  4:34  Hellion  
  51  4:38  SCV  
  55  4:52  Marine  
  56  4:55  Liberator  
  56  4:57  SCV  
  62  5:00  Hellion  
  62  5:14  Orbital Command  
  62  5:16  Marine  
  63  5:22  Liberator  
  54  6:37  Hellion  
  56  6:58  Hellion  
  54  7:20  Hellion, Liberator x2  
  58  8:58  Liberator  
  61  9:23  Command Center  
  61  9:36  Armory  
  61  9:37  Armory x2  
  61  9:52  Command Center  
  61  9:53  Command Center  
  61  10:03  Command Center  
  61  10:27  Siege Tank, Liberator x2  
  70  10:36  Command Center  
  70  10:39  Refinery x2  
  64  10:45  Refinery  
  64  10:51  Terran Vehicle Weapons Level 1, Terran Ship Weapons Level 1, Terran Vehicle And Ship Armor Level 1  
  64  10:57  Engineering Bay  
  64  11:01  Engineering Bay  
  64  11:10  Orbital Command  
  64  11:15  Orbital Command  
  64  11:20  Refinery  
  64  11:26  Refinery  
  64  11:34  Refinery  
  64  11:37  Orbital Command  
  64  11:40  Orbital Command  
  64  11:47  Liberator  
  67  12:01  Orbital Command  
  67  12:17  Siege Tank  
  70  12:36  Factory  
  70  12:37  Factory  
  70  12:39  Missile Turret  
  70  12:40  Missile Turret  
  70  12:42  Starport  
  70  12:47  Starport  
  70  12:48  Missile Turret  
  70  12:50  Missile Turret  
  70  12:51  Missile Turret, Liberator x2  
  70  12:52  Missile Turret  
  70  12:53  Siege Tank  
  70  12:54  SCV x3  
  82  13:01  Missile Turret  
  82  13:02  Missile Turret  
  82  13:14  SCV x3  
  82  13:15  SCV x3  
  82  13:18  Terran Vehicle Weapons Level 2  
  88  13:38  Refinery  
  88  13:46  Starport Reactor x2  
  88  13:53  Factory Tech Lab x2  
  88  13:55  Siege Tank  
  87  14:03  Missile Turret x2  
  68  15:34  Refinery  
  68  15:36  Terran Vehicle Weapons Level 3, Terran Vehicle And Ship Armor Level 2, Terran Ship Weapons Level 2  
  68  15:53  Refinery  
  68  16:04  Fusion Core  
  68  16:05  Hi-Sec Auto Tracking  
  68  16:06  Neosteel Armor  
  68  16:23  Thor  
  68  16:24  Thor x2  
  86  16:26  Liberator x3  
  86  16:31  Smart Servos  
  95  16:33  SCV x4  
  99  16:48  Liberator x3  
  108  16:59  Command Center  
  108  17:03  Refinery  
  108  17:08  Missile Turret  
  108  17:23  Advanced Ballistics  
  108  17:28  Missile Turret, Thor  
  108  17:29  Refinery  
  114  17:48  Missile Turret  
  114  18:08  Missile Turret  
  114  18:10  Thor  
  114  18:11  Thor  
  114  18:12  Missile Turret  
  126  18:14  Missile Turret  
  126  18:28  Missile Turret  
  126  18:32  Missile Turret x2  
  126  18:33  Missile Turret x2  
  126  18:34  SCV x2  
  126  18:35  SCV x2, Missile Turret  
  130  18:46  SCV  
  131  18:51  Supply Depot  
  131  18:52  Missile Turret  
  131  18:53  Missile Turret  
  131  18:56  Missile Turret  
  131  18:57  Missile Turret  
  131  19:12  Liberator x2  
  131  19:14  Supply Depot  
  131  19:16  Missile Turret x2  
  137  19:35  Liberator x2  
  137  19:37  Supply Depot  
  107  19:59  Supply Depot  
  71  20:41  Planetary Fortress  
  64  21:03  Thor  
Show
View Real Time Build Order
Export as new Build Order

MrFercho Zerg - Winner!

Build Orders: Hatch First 

Get SALT Encoding   

  12  0:02  Drone  
  13  0:15  Overlord  
  13  0:16  Drone  
  14  0:40  Drone x3  
  17  1:00  Hatchery  
  17  1:03  Drone x2  
  18  1:18  Extractor  
  18  1:20  Spawning Pool  
  16  1:27  Drone x2  
  18  1:35  Drone  
  19  1:47  Drone  
  20  1:57  Overlord  
  20  2:08  Overlord  
  20  2:11  Queen  
  20  2:12  Queen  
  24  2:17  Zergling x2  
  24  2:20  Zergling x2  
  26  2:24  Metabolic Boost  
  26  2:26  Drone  
  27  2:31  Drone  
  27  2:35  Drone  
  29  2:38  Drone  
  30  2:47  Drone  
  31  2:54  Drone  
  32  3:02  Zergling x4  
  34  3:05  Queen  
  34  3:10  Lair  
  36  3:20  Zergling x6  
  36  3:26  Drone  
  40  3:47  Overlord x3  
  40  3:50  Zergling x8  
  44  4:03  Roach Warren  
  44  4:08  Evolution Chamber  
  42  4:14  Evolution Chamber  
  41  4:21  Drone  
  41  4:22  Drone x8  
  50  4:47  Roach x5  
  50  4:49  Overlord x2  
  60  4:53  Extractor x2  
  60  4:59  Overlord  
  58  5:00  Overlord  
  58  5:06  Spore Crawler  
  57  5:07  Spore Crawler  
  57  5:08  Spore Crawler  
  57  5:10  Spore Crawler  
  43  5:39  Zerg Missile Weapons Level 1  
  43  5:40  Zerg Ground Armor Level 1  
  43  5:50  Zergling x6  
  51  6:03  Roach x2  
  38  6:22  Roach x2  
  33  6:37  Roach x4  
  41  6:46  Drone x3, Extractor  
  29  7:41  Roach  
  29  7:42  Roach x3  
  24  8:18  Overlord  
  24  8:19  Overlord x3  
  18  8:59  Drone x6  
  24  9:17  Drone  
  24  9:18  Drone x3  
  28  9:42  Drone x5, Spire  
  28  9:43  Queen  
  34  9:49  Roach  
  36  9:58  Spine Crawler  
  33  10:18  Zergling x6  
  33  10:19  Zergling x10  
  41  10:46  Queen  
  41  10:48  Drone  
  41  10:49  Overlord x4  
  44  11:25  Drone x4  
  46  11:26  Drone x2  
  46  11:27  Mutalisk  
  46  11:28  Mutalisk x4  
  60  11:38  Drone x3  
  63  11:47  Hydralisk Den  
  63  11:49  Drone  
  63  12:02  Mutalisk  
  63  12:03  Mutalisk  
  67  12:12  Mutalisk x2  
  71  12:17  Hatchery  
  71  12:20  Zerg Flyer Weapons Level 1  
  70  12:35  Zerg Missile Weapons Level 2  
  70  12:39  Hydralisk  
  72  13:05  Corruptor x2  
  72  13:08  Overlord x3  
  76  13:14  Muscular Augments  
  76  13:34  Glial Reconstitution  
  75  13:58  Hydralisk  
  75  13:59  Hydralisk x6  
  89  14:25  Grooved Spines  
  89  14:33  Hydralisk x2  
  89  14:34  Hydralisk x6  
  105  14:53  Overlord x2  
  105  14:54  Overlord x2  
  83  15:06  Corruptor  
  83  15:07  Corruptor x2  
  86  15:22  Zerg Ground Armor Level 2  
  86  15:30  Drone x13  
  86  15:31  Drone x7  
  102  15:52  Drone x4  
  102  15:56  Extractor x2  
  104  16:01  Hydralisk x2  
  108  16:10  Hatchery, Corruptor x2  
  111  16:22  Overlord x2  
  111  16:31  Drone x3  
  114  16:51  Hydralisk x10  
  134  17:00  Extractor x2  
  134  17:01  Infestation Pit  
  131  17:26  Hatchery  
  130  17:37  Zerg Flyer Weapons Level 2  
  130  17:42  Hive  
  131  17:51  Drone x4  
  131  17:52  Drone x3  
  131  17:53  Drone x4  
  131  17:56  Hydralisk  
  131  17:57  Hydralisk x3  
  149  18:08  Pneumatized Carapace  
  149  18:14  Burrow  
  149  18:20  Zerg Melee Weapons Level 1  
  149  18:25  Hydralisk  
  149  18:26  Hydralisk x4  
  159  18:28  Overlord  
  159  18:29  Overlord x4  
  159  18:40  Nydus Network  
  158  18:51  Drone x8  
  158  18:53  Hydralisk x5  
  176  19:23  Corruptor x3  
  182  19:24  Corruptor x2  
  182  19:26  Hydralisk  
  182  19:27  Hydralisk x5  
  160  19:46  Hydralisk  
  160  19:47  Hydralisk x7  
  122  20:00  Hydralisk x3  
  122  20:01  Hydralisk x3  
  120  20:16  Hydralisk x8  
  120  20:20  Spore Crawler  
  127  20:45  Hydralisk x9  
  125  21:00  Hydralisk x4  
  125  21:01  Hydralisk  
  125  21:19  Hydralisk x5  
  129  21:40  Extractor  
  129  21:41  Extractor  
  129  21:44  Drone x2  
  129  21:45  Drone x4  
Tags
 
Add a new tag
Caveats
  • Supply blocks, unpowered buildings, or Contaminate may cause inaccurate times.
  • Supply counts are checked every 10 seconds.